 Dungeon Crawl Stone Soup version 0.19.0-24-gb05acd6 (webtiles) character file.

338 muxecoid the Bolt Thrower (level 6, -6/48 HPs)
             Began as a Centaur Hunter on Nov 23, 2016.
             Was an Initiate of Okawaru.
             Mangled by a crocodile (14 damage)
             ... on level 4 of the Dungeon.
             The game lasted 00:15:25 (5195 turns).

muxecoid the Bolt Thrower (Centaur Hunter)          Turns: 5195, Time: 00:15:26

Health: -6/48      AC:  5    Str: 14    XL:     6   Next: 29%
Magic:  6/6        EV:  9    Int: 12    God:    Okawaru [......]
Gold:   239        SH:  0    Dex: 10    Spells: 0 memorised, 5 levels left

rFire  . . .     SeeInvis .     p - +4 short sword
rCold  + . .     Gourm    .     c - +0 leather armour
rNeg   . . .     Faith    .     (no shield)
rPois  .         Spirit   .     (no helmet)
rElec  .         Reflect  .     h - +0 cloak
rCorr  .         Harm     .     (no gloves)
MR     .....                    (no barding)
Stlth  +.........               (no amulet)
                                (no ring)
                                m - ring of protection from cold

@: very quick
A: hooves 3, deformed body, speed 2, tough skin 3
a: Renounce Religion


You were on level 4 of the Dungeon.
You worshipped Okawaru.
Okawaru was noncommittal.
You were near starving.

You visited 2 branches of the dungeon, and saw 5 of its levels.

You collected 239 gold pieces.

Inventory:

Hand Weapons
 a - a +1 hand crossbow
 p - a +4 short sword (weapon)
Armour
 c - a +0 leather armour (worn)
 h - a +0 cloak (worn)
 u - a +0 buckler
Magical Staves
 x - an uncursed staff of conjuration {unknown}
Jewellery
 m - a ring of protection from cold (left hand)
Scrolls
 e - 2 scrolls of remove curse
 l - 7 scrolls of identify {unknown}
 n - a scroll of recharging {unknown}
 o - 2 scrolls of teleportation {unknown}
 q - a scroll of fear {unknown}
 t - a scroll of noise {unknown}
 v - 2 scrolls of random uselessness {unknown}
 y - a scroll of enchant weapon {unknown}
 z - a scroll of magic mapping {unknown}
Potions
 b - a potion of magic {unknown}
 g - a potion of flight {unknown}
 i - a potion of heal wounds {unknown}
 k - a potion of curing {unknown}
 r - a potion of ambrosia {unknown}
 s - a potion of lignification {unknown}
 w - a potion of might {unknown}
Books
 d - a book of Conjurations

   Spells                             Type                      Level
   a - Magic Dart                     Conjuration                  1
   b - Searing Ray                    Conjuration                  2
   c - Dazzling Spray                 Conjuration/Hexes            3
   d - Fulminant Prism                Conjuration/Hexes            4
   e - Iskenderun's Mystic Blast      Conjuration                  4
   f - Iskenderun's Battlesphere      Conjuration/Charms           5
Comestibles
 f - 2 bread rations
 j - 4 meat rations


   Skills:
 - Level 2.2 Fighting
 + Level 3.0 Short Blades
 + Level 7.2 Crossbows
 - Level 1.4 Dodging
 - Level 0.4 Stealth


You had 5 spell levels left.
You didn't know any spells.

Dungeon Overview and Level Annotations

Branches:
Dungeon (4/15)             Temple (1/1) D:4

Altars:
Ashenzari
Cheibriados
Fedhas
Gozag
Kikubaaqudgha
Makhleb
Nemelex Xobeh
Okawaru
Trog
Vehumet
Yredelemnul
Zin
The Shining One


Innate Abilities, Weirdness & Mutations

You have hooves in place of feet.
Armour fits poorly on your strangely shaped body.
You cover ground very quickly.
You have extremely tough skin. (AC +3)


Message History

You barely miss the crocodile.
You kick the crocodile, but do no damage.
The crocodile is severely wounded.
The crocodile bites you but does no damage.
You completely miss the crocodile.
The crocodile is severely wounded.
The crocodile bites you.
You barely miss the crocodile.
You kick the crocodile, but do no damage.
The crocodile is severely wounded.
The crocodile bites you!
* * * LOW HITPOINT WARNING * * *
You hit the crocodile. Your kick misses the crocodile.
The crocodile is severely wounded.
The crocodile bites you.
* * * LOW HITPOINT WARNING * * *
You hit the crocodile. Your kick misses the crocodile.
The crocodile is almost dead.
The crocodile bites you!
You die...

############## #####
#............# #...#
#.##########.#
#.#.###### #.# #.#
##.#(.#.#t# # #.# #.#
#t.#(###.#... #.# ##.##
#.##..#.####. #.#
#####...####.##.###.# .
#.#
#.....#.t(((.##..#.## Y
#.#
#.###..@#######.#.#####.
#.# #.# ##.## #.###..Y#.
##.#####.####.####
#..#..#...
#................#
##...###.#
#..####...###.##.#
###### ###
#................#
###..####
#..........#####.#
#<......# ###.####.....#
#.# #.#..##.# ....#
##...## #.###.#..##.#


You could see a crocodile.

Vanquished Creatures
  A phantom (D:4)
  An orc wizard (D:4)
  A worker ant (D:4)
  9 adders
  4 gnolls
  An ooze (D:3)
  A worm (D:3)
  2 dart slugs (D:2)
  2 leopard geckos (D:1)
  6 orcs
  4 giant cockroaches
  5 goblins
  8 hobgoblins
  13 kobolds
  A quokka (D:3)
  9 bats
  2 frilled lizards (D:1)
  7 rats
77 creatures vanquished.

Notes
Turn   | Place    | Note
-------+----------+-------------------------------------------
     0 | D:1      | muxecoid the Centaur Hunter began the quest for the Orb.
     0 | D:1      | Reached XP level 1. HP: 17/17 MP: 1/1
   300 | D:1      | Reached XP level 2. HP: 24/24 MP: 2/2
   656 | D:1      | Reached skill level 5 in Crossbows
   945 | D:2      | Reached XP level 3. HP: 20/29 MP: 3/3
  1243 | D:2      | Reached skill level 6 in Crossbows
  1243 | D:2      | Reached XP level 4. HP: 28/36 MP: 4/4
  2106 | D:2      | Reached XP level 5. HP: 32/41 MP: 5/5
  2387 | D:3      | Reached skill level 1 in Short Blades
  3896 | D:4      | Found a staircase to the Ecumenical Temple.
  3900 | Temple   | Entered the Ecumenical Temple
  3908 | Temple   | Became a worshipper of Warmaster Okawaru
  4043 | D:4      | Reached skill level 7 in Crossbows
  4229 | D:4      | Noticed a phantom
  4264 | D:4      | Killed a phantom
  4264 | D:4      | Reached XP level 6. HP: 40/48 MP: 6/6
  4691 | D:4      | Noticed a yak
  5195 | D:4      | Mangled by a crocodile

Skill      XL: |  1  2  3  4  5  6 |
---------------+-------------------+-----
Crossbows      | 5 6 7 |  7.2
Short Blades   | 2 3 |  3.0
Fighting       | |  2.2
Dodging        | |  1.4
Stealth        | |  0.4

Action                   |  1- 3 |  4- 6 || total
-------------------------+-------+-------++-------
Melee: Short sword       |    30 |   174 ||   204
       Kick              |     3 |    35 ||    38
 Fire: Hand crossbow     |    55 |    58 ||   113
  Use: Scroll            |       |     2 ||     2
  Eat: Chunk             |       |     9 ||     9
Armor: Leather armour    |    19 |    58 ||    77
Dodge: Dodged            |    24 |    67 ||    91
